AoeStats
← ccereal

Arena

509597245Analyzed
4v4 RM · 5d ago on Sep 27, 2026· 45m 1s· 8 players
Game mode
Random Map
Map size
Large (8 player)
Population
200
Speed
Normal
Resources
Standard
Victory
Conquest
Starting age
Dark Age
Ending age
Imperial Age
RankedLock teamsTeams togetherTeam positionsShared explorationLock speedFull tech treeHidden civsTurbo modeCheats
Victory
Defeat
🇫🇷 Vikings · France
1589
+14
🇫🇷 Britons · France
1580
+15
🇩🇪 Gurjaras · Germany
1550
+16
🇫🇷 Persians · France
1365
+23
🇪🇸 Koreans · Spain
1556
-18
🇹🇼 Varangians · Taiwan
1554
-17
🇦🇺 Tatars · Australia
1552
-17
🇨🇳 Danes · China
1521
-16
Frorok
10:50 Feudal Age
14:51 Castle Age
13:31 Double-Bit Axe
13:45 Horse Collar
15:53 Bow Saw
17:53 Loom
22:26 Stone Mining
22:39 Heavy Plow
25:09 Fletching
25:39 Padded Archer Armor
25:42 Gold Mining
29:10 Imperial Age
27:02 Bodkin Arrow
27:30 Ballistics
28:36 Leather Archer Armor
28:23 Crossbowman
29:16 Masonry
29:55 Bracer
29:16 Arbalester
30:19 Conscription
31:04 Chemistry
30:47 Bogsveigar
32:06 Ring Archer Armor
32:09 Architecture
31:57 Scale Mail Armor
32:08 Forging
33:11 Two-Man Saw
32:36 Chieftains
33:43 Siege Engineers
34:16 Chain Mail Armor
33:22 Elite Varangian Guard
34:03 Squires
33:48 Arson
37:17 Plate Mail Armor
37:22 Iron Casting
39:09 Hoardings
40:28 Blast Furnace
40:47 Elite Berserk
42:14 Crop Rotation
42:16 Town Watch
ccereal
8:37 Feudal Age
7:27 Loom
10:24 Double-Bit Axe
14:21 Fletching
14:59 Padded Archer Armor
19:27 Castle Age
18:03 Horse Collar
18:15 Gold Mining
19:29 Crossbowman
20:05 Bodkin Arrow
21:31 Leather Archer Armor
26:40 Bow Saw
28:29 Wheelbarrow
27:39 Town Watch
29:07 Ballistics
35:17 Imperial Age
33:19 Heavy Plow
33:56 Gold Shaft Mining
33:11 Stone Mining
34:55 Hand Cart
34:26 Town Watch
34:57 Murder Holes
35:12 Masonry
36:22 Bracer
37:26 Chemistry
37:26 Yeomen
38:26 Ring Archer Armor
38:36 Architecture
38:40 Warwolf
38:30 Arbalester
39:56 Siege Engineers
41:19 Hoardings
41:05 Conscription
p0n0n0
9:07 Feudal Age
9:22 Loom
13:18 Castle Age
12:13 Double-Bit Axe
25:03 Redemption
29:07 Bow Saw
28:38 Horse Collar
29:53 Heavy Plow
32:26 Wheelbarrow
37:20 Imperial Age
35:45 Hand Cart
35:58 Gold Mining
36:02 Stone Mining
36:20 Scale Barding Armor
37:42 Chain Barding Armor
37:28 Kshatriyas
37:56 Forging
38:29 Bloodlines
38:20 Husbandry
39:05 Plate Barding Armor
38:16 Heavy Camel Rider
40:18 Iron Casting
44:37 Crop Rotation
44:43 Gold Shaft Mining
44:39 Conscription
La Momone 38
10:06 Feudal Age
14:40 Castle Age
14:18 Double-Bit Axe
17:14 Loom
22:07 Wheelbarrow
21:32 Horse Collar
21:45 Gold Mining
25:00 Gold Shaft Mining
24:27 Heavy Plow
25:23 Bow Saw
26:00 Hand Cart
30:08 Imperial Age
27:24 Town Watch
28:55 Forging
28:51 Scale Barding Armor
30:20 Iron Casting
29:49 Town Patrol
30:11 Bloodlines
30:02 Husbandry
30:10 Stone Mining
30:55 Crop Rotation
30:52 Chain Barding Armor
29:56 Cavalier
32:30 Two-Man Saw
32:45 Blast Furnace
31:24 Savar
33:24 Plate Barding Armor
39:24 Conscription
菜就怪隊友
10:04 Feudal Age
14:39 Castle Age
12:48 Double-Bit Axe
13:22 Horse Collar
15:36 Bow Saw
16:27 Heavy Plow
17:46 Loom
20:53 Wheelbarrow
25:34 Hand Cart
26:05 Gold Mining
30:13 Imperial Age
27:36 Stone Mining
28:23 Forging
28:40 Squires
29:02 Scale Mail Armor
29:49 Iron Casting
29:01 Arson
30:38 Chain Mail Armor
30:29 Elite Varangian Guard
32:12 Blast Furnace
31:52 Plate Mail Armor
32:31 Conscription
32:15 Fletching
33:26 Two-Man Saw
32:03 Vendel Legacy
33:11 Bodkin Arrow
33:24 Scale Barding Armor
33:16 Elite Jarl
34:01 Bracer
34:07 Padded Archer Armor
33:56 Town Watch
35:39 Chemistry
35:27 Leather Archer Armor
34:35 Gothikon
37:43 Chain Barding Armor
今夜月色真好
9:22 Loom
12:02 Feudal Age
12:46 Horse Collar
15:32 Castle Age
13:25 Double-Bit Axe
14:56 Scale Mail Armor
15:09 Forging
29:33 Wheelbarrow
33:34 Imperial Age
31:25 Stone Mining
31:28 Gold Mining
33:03 Scale Mail Armor
34:16 Chain Mail Armor
34:36 Iron Casting
34:05 Squires
33:50 Arson
34:16 Elite Jomsviking
35:37 Bow Saw
35:31 Heavy Plow
34:57 Capped Ram
36:24 Conscription
36:52 Plate Mail Armor
38:52 Blast Furnace
38:21 Siege Ram
40:36 Hamask
43:36 Siege Engineers
42:56 Northmen's Fury
King of Puchi
10:32 Feudal Age
12:14 Loom
14:48 Castle Age
12:48 Horse Collar
13:01 Double-Bit Axe
13:58 Horse Collar
21:19 Wheelbarrow
20:30 Town Watch
21:26 Loom
21:45 Town Watch
22:33 Gold Mining
24:14 Hand Cart
29:22 Imperial Age
28:13 Gold Shaft Mining
27:29 Stone Mining
28:09 Scale Mail Armor
29:23 Chain Mail Armor
29:18 Forging
28:34 Pikeman
29:15 Squires
29:00 Arson
29:30 Halberdier
30:41 Plate Mail Armor
30:21 Siege Engineers
31:54 Bow Saw
31:51 Heavy Plow
32:28 Iron Casting
32:27 Conscription
32:51 Shinkichon
32:10 Heavy Rocket Cart
33:09 Fletching
33:30 Heavy Rocket Cart
34:51 Masonry
40:01 Iron Casting
TheHobbalution
11:07 Feudal Age
14:52 Castle Age
14:22 Double-Bit Axe
14:17 Horse Collar
14:28 Gold Mining
14:51 Scale Barding Armor
22:40 Forging
24:41 Loom
25:42 Wheelbarrow
24:53 Town Watch
25:10 Town Watch
26:34 Chain Barding Armor
28:56 Bow Saw
28:47 Heavy Plow
30:29 Stone Mining
31:15 Gold Shaft Mining
34:32 Town Patrol
34:51 Hand Cart
34:49 Light Cavalry
35:40 Bloodlines
39:49 Imperial Age
38:08 Iron Casting
38:25 Husbandry
38:28 Fletching
38:20 Treadmill Crane
38:51 Masonry
40:08 Town Patrol
41:08 Conscription
40:14 Capped Ram
40:25 Hussar
43:53 Plate Barding Armor
43:21 Cavalier
45:38 Blast Furnace
Connection lost

Rejoining the realm…

Still unreachable

The connection could not be restored.

Session expired

The server has moved on; the page needs a fresh start.